 Dungeon Crawl Stone Soup version 0.20-a0-647-gf178af5 (webtiles) character file.

106 Chiseanne the Ducker (level 4, 0/22 HPs)
             Began as a Spriggan Gladiator on Feb 15, 2017.
             Killed from afar by Sigmund (9 damage)
             ... with a magic dart
             ... on level 2 of the Dungeon.
             The game lasted 00:04:47 (2302 turns).

Chiseanne the Ducker (Spriggan Gladiator)           Turns: 2302, Time: 00:04:48

Health: 0/22       AC:  3    Str: 10    XL:     4   Next: 55%
Magic:  5/5        EV: 25    Int: 14    God:
Gold:   59         SH:  0    Dex: 21    Spells: 3/3 levels left

rFire    . . .     SeeInvis +   a - +1 long sword
rCold    . . .     Gourm    .   b - +0 robe
rNeg     . . .     Faith    .   (shield restricted)
rPois    .         Spirit   .   c - +1 hat
rElec    .         Reflect  .   (no cloak)
rCorr    .         Harm     .   (gloves unavailable)
MR       .....                  (boots unavailable)
Stlth    ++........             (no amulet)
Regen    0.1/turn               (no ring)
MPRegen  0.1/turn               l - +3 ring of dexterity

@: brilliant, very quick
A: unfitting armour, see invisible, herbivore 3, speed 3, slow metabolism 2
a: no special abilities


You were on level 2 of the Dungeon.
You were not hungry.

You visited 1 branch of the dungeon, and saw 2 of its levels.

You collected 59 gold pieces.

Inventory:

Hand Weapons
 a - a +1 long sword (weapon)
 w - a +0 hunting sling
Missiles
 d - 3 throwing nets (quivered)
 e - 31 stones
 n - 5 tomahawks
 p - 29 sling bullets
Armour
 b - a +0 robe (worn)
 c - a +1 hat (worn)
Jewellery
 l - a +3 ring of dexterity (left hand)
 o - a cursed -3 ring of dexterity
Wands
 k - a wand of flame (28/48)
Scrolls
 h - 3 scrolls of teleportation
Potions
 j - a potion of heal wounds
Comestibles
 f - 2 bread rations
 g - a royal jelly


   Skills:
 - Level 1.5 Fighting
 - Level 2.4 Long Blades
 - Level 2.0 Throwing
 + Level 7.8 Dodging


You had 3 spell levels left.
You didn't know any spells.

Dungeon Overview and Level Annotations

Branches:
Dungeon (2/15)

Altars:

Annotations:
D:2 Sigmund


Innate Abilities, Weirdness & Mutations

You are very small and have problems with some larger weapons.
You are too small for most types of armour.
You have supernaturally acute eyesight. (SInv)
You are a herbivore.
You cover ground extremely quickly.
You need consume almost no food.


Message History

You slash Sigmund!
Sigmund is severely wounded.
Sigmund screams, "Don't try to resist!"
Sigmund completely misses you.
You closely miss Sigmund.
Sigmund is severely wounded.
Sigmund hits you with a vampiric scythe!
You closely miss Sigmund.
Sigmund is severely wounded.
Sigmund misses you.
You riposte.
You barely miss Sigmund.
Sigmund is severely wounded.
You hit Sigmund.
Sigmund is severely wounded.
Sigmund points at you and mumbles some strange words.
The puff of flame hits you!
You closely miss Sigmund.
Sigmund is severely wounded.
Sigmund gestures at you while chanting. The magic dart hits you!
You die...

#### ...#################
#..............@@..#
#####..<....######.# #.#####.#
###.### #.#
#.####.....############
#####.#####......###..#.........#
.........#######.# #.......†.##.#
#####.##.# #.....###....####.##.#
......##.# #.###......### #.##.#
########.# #.# ######.# #.##.#


You could see Sigmund (invisible).

Vanquished Creatures
  Robin (D:1)
  4 adders
  2 leopard geckos (D:1)
  4 bats
  2 giant cockroaches (D:1)
  8 hobgoblins
  4 jackals (D:2)
  8 kobolds
  4 frilled lizards
  12 goblins
  6 rats
55 creatures vanquished.

Notes
Turn   | Place    | Note
-------+----------+-------------------------------------------
     0 | D:1      | Chiseanne the Spriggan Gladiator began the quest for the Orb.
     0 | D:1      | Reached XP level 1. HP: 10/10 MP: 2/2
   155 | D:1      | Reached skill level 5 in Dodging
   168 | D:1      | Reached XP level 2. HP: 14/14 MP: 3/3
   831 | D:1      | Reached skill level 6 in Dodging
   896 | D:2      | Noticed Robin
   977 | D:1      | Reached XP level 3. HP: 4/18 MP: 4/4
  1246 | D:1      | Killed Robin
  1314 | D:2      | Reached skill level 7 in Dodging
  1489 | D:2      | Reached XP level 4. HP: 14/22 MP: 5/5
  2258 | D:2      | Noticed Sigmund
  2302 | D:2      | Killed from afar by Sigmund

Vault maps used:
D:1:      dpeg_arrival_oval, minmay_misc_feat_doors
D:2:      first_bread, uniq_sigmund, uniq_crazy_yiuf_cottage, uniq_robin

Skill      XL: |  1  2  3 |
---------------+----------+-----
Dodging        | 5 6 7 |  7.8
Fighting       | |  1.5
Long Blades    | |  2.4
Throwing       | |  2.0

Action                   |  1- 3 |  4- 6 || total
-------------------------+-------+-------++-------
Melee: Long sword        |   106 |    34 ||   140
  Use: Scroll            |     5 |     3 ||     8
       Potion            |       |     3 ||     3
 Stab: Sleeping          |     2 |     2 ||     4
Armor: Robe              |     1 |     1 ||     2
Dodge: Dodged            |   107 |    30 ||   137
       Rpst.: Long sword |    35 |    15 ||    50
